 Dungeon Crawl Stone Soup version 0.31-a0-536-ga3e2962e35 (webtiles) character file.

Game seed: 4359776962939332467

881553 Bamboolord the Conqueror (level 27, -5/273 HPs)
             Began as a Minotaur Fighter on Jan 30, 2022.
             Was a High Priest of Okawaru.
             Slain by Xanomupp the pandemonium lord (38 damage)
             ... in Pandemonium on Mar 9, 2024.
             The game lasted 05:54:23 (112762 turns).

Bamboolord the Conqueror (Minotaur Fighter)       Turns: 112762, Time: 05:54:24

Health: -5/273     AC: 53    Str: 33      XL:     27
Magic:  10/42      EV: 13    Int:  9      God:    Okawaru [*****.]
Gold:   5762       SH: 30    Dex:  9 (10) Spells: 26/26 levels left

rFire   + + .        c - +8 demon trident "Rift" {distort, reach+}
rCold   + + .        w - +5 kite shield of Tisaikemn {Int+7}
rNeg    + + +        U - +17 crystal plate armour of the King of the Hill {Harm Will+}
rPois   +            e - +2 hood of the Assassin {Detect Stab+ Stlth++}
rElec   +            P - +0 cloak of Mezcal {rElec rF+ rC+ Int-3}
rCorr   +            l - +1 pair of gloves "Tacuq" {rElec rN++ Will+ Str+2 Dex-3}
SInv    +            i - +3 pair of seven-league boots {Rampage+∞}
Will    +++++        R - amulet "Yvuta" {Reflect Contam Fly Will++ SH+5 Stlth+}
Stlth   +++          a - ring of Exhibitionism {rC+ rN+ MP+9 Str+3}
HPRegen 0.65/turn    J - ring "Tics" {Wiz rPois rF+ rCorr SInv}
MPRegen 0.28/turn

%: random rage (3%), harm (+30% outgoing, +20% incoming), reflection, rampage+∞,
wizardry (x1)
@: on berserk cooldown, flying, slowed, studying 2 skills, very slow
A: horns 2, retaliatory headbutt, iridescent scales 1, large bone plates 1,
berserk 1, deformed body, deterioration 1, weak 2, subdued magic 1
}: 7/15 runes: decaying, serpentine, slimy, silver, bone, abyssal, fiery
a: Renounce Religion, Heroism, Finesse, Duel


You were in Pandemonium.
You worshipped Okawaru.
Okawaru was extremely pleased with you.
You visited 17 branches of the dungeon, and saw 74 of its levels.
You visited Pandemonium 1 time, and saw 4 of its levels.
You visited the Abyss 2 times.
You also visited: Trove, Gauntlet, Ice Cave and Desolation.

You collected 11091 gold pieces.
You spent 5329 gold pieces at shops.

Inventory:

Hand Weapons
 c - the +8 demon trident "Rift" (weapon) {distort, reach+}
   (You found it on level 3 of the Elven Halls)
 u - the +12 glaive of Prune {freeze, Prune}
   (You found it on level 5 of the Pits of Slime)

   Prune:     It halves damage taken while paralysed, petrified or unconscious.
 N - the +5 arbalest "Voqunyz" {penet, rPois Dex+3}
   (You found it on level 5 of the Vaults)

   Dex+3:     It affects your dexterity (+3).
   rPois:     It protects you from poison
 O - the +6 sword of Cerebov {flame}
   (You took it off Cerebov in the Arena)
 X - the +11 trident of Goetes {heavy, rC+ Stlth+}
   (Okawaru gifted it to you on level 6 of the Lair of Beasts)

   rC+:       It protects you from cold.
   Stlth+:    It makes you more stealthy.
Missiles
 j - 18 javelins (quivered)
 D - 28 silver javelins
 E - 6 throwing nets
 H - 11 silver boomerangs
Armour
 e - the +2 hood of the Assassin (worn) {Detect Stab+ Stlth++}
   (You found it in the Desolation of Salt)

   Detect:    It allows the wearer to sense nearby creatures.
   Stab+:     It allows the wearer to make particularly effective stabbing
   attacks against helpless or unaware enemies with any weapon.
   Stlth++:   It makes you much more stealthy.
 i - the +3 pair of seven-league boots (worn) {Rampage+∞}
   (Okawaru gifted it to you on level 3 of the Depths)

   Rampage+∞: When moving toward enemies, its wearer moves as far as possible,
   alerting their target en route.
 l - the +1 pair of gloves "Tacuq" (worn) {rElec rN++ Will+ Str+2 Dex-3}
   (You acquired it on level 3 of the Depths)

   Str+2:     It affects your strength (+2).
   Dex-3:     It affects your dexterity (-3).
   rElec:     It insulates you from electricity.
   rN++:      It greatly protects you from negative energy.
   Will+:     It increases your willpower.
 t - the +1 cloak of Starlight {*Dazzle EV+4 Stlth--}
   (Okawaru gifted it to you on level 2 of the Elven Halls)

   *Dazzle:   It may blind those who miss an attack against the wearer in melee
   combat.
   EV+4:      It affects your evasion (+4).
   Stlth--:   It makes you much less stealthy.
 w - the +5 kite shield of Tisaikemn (worn) {Int+7}
   (Okawaru gifted it to you on level 4 of the Snake Pit)

   Int+7:     It affects your intelligence (+7).
 A - +3 ice dragon scales
 B - the +0 pair of boots of the Everdark {Will+}
   (You acquired it on level 3 of the Snake Pit)

   Will+:     It increases your willpower.
 P - the +0 cloak of Mezcal (worn) {rElec rF+ rC+ Int-3}
   (Okawaru gifted it to you on level 3 of the Vaults)

   Int-3:     It affects your intelligence (-3).
   rF+:       It protects you from fire.
   rC+:       It protects you from cold.
   rElec:     It insulates you from electricity.
 U - the +17 crystal plate armour of the King of the Hill (worn) {Harm Will+}
   (Okawaru gifted it to you on level 1 of the Elven Halls)

   Will+:     It increases your willpower.
   Harm:      It increases damage dealt and taken.
 W - the +1 cloak "Baalag" {rCorr Str+4 Int-2}
   (Okawaru gifted it to you on level 4 of the Lair of Beasts)

   Str+4:     It affects your strength (+4).
   Int-2:     It affects your intelligence (-2).
   rCorr:     It protects you from acid and corrosion.
Jewellery
 a - the ring of Exhibitionism (left hand) {rC+ rN+ MP+9 Str+3}
   (You bought it in a shop on level 1 of the Depths)

   [ring of magical power]

   Str+3:     It affects your strength (+3).
   rC+:       It protects you from cold.
   rN+:       It protects you from negative energy.
   MP+9:      It affects your magic capacity (+9).
 p - the ring of Mocuiqog {rF++ Dex+6}
   (You took it off a spriggan berserker on level 1 of the Depths)

   [ring of dexterity]

   Dex+6:     It affects your dexterity (+6).
   rF++:      It greatly protects you from fire.
 F - the ring of Liberalism {rElec rF+++ rC- rCorr Str+6}
   (You found it in the Desolation of Salt)

   [ring of strength]

   Str+6:     It affects your strength (+6).
   rF+++:     It renders you almost immune to fire.
   rC-:       It makes you vulnerable to cold.
   rElec:     It insulates you from electricity.
   rCorr:     It protects you from acid and corrosion.
 G - the amulet of Ympes {rC+ rN+ Regen+ Str-2 Stlth+}
   (You found it on level 5 of the Vaults)

   [amulet of regeneration]

   Str-2:     It affects your strength (-2).
   rC+:       It protects you from cold.
   rN+:       It protects you from negative energy.
   Regen+:    It increases your rate of health regeneration.
   Stlth+:    It makes you more stealthy.
 J - the ring "Tics" (right hand) {Wiz rPois rF+ rCorr SInv}
   (You bought it in a shop on level 2 of the Elven Halls)

   [ring of wizardry]

   Wiz:       It improves your spell success rate.
   rF+:       It protects you from fire.
   rPois:     It protects you from poison SInv: It lets you see invisible.
   rCorr:     It protects you from acid and corrosion.
 R - the amulet "Yvuta" (around neck) {Reflect Contam Fly Will++ SH+5 Stlth+}
   (You found it in the Desolation of Salt)

   [amulet of reflection]

   Reflect:   It reflects blocked missile attacks.
   Will++:    It greatly increases your willpower.
   Fly:       It grants you flight.
   Contam:    It causes magical contamination when unequipped.
   SH+5:      It affects your SH (+5).
   Stlth+:    It makes you more stealthy.
 Y - the ring of Ybonal {rElec rF+ SInv}
   (You bought it in a shop on level 2 of the Depths)

   [ring of see invisible]

   rF+:       It protects you from fire.
   rElec:     It insulates you from electricity.
   SInv:      It lets you see invisible.
Wands
 g - a wand of digging (11)
 q - a wand of iceblast (46)
 r - a wand of acid (45)
 x - a wand of roots (6)
 T - a wand of polymorph (6)
Scrolls
 b - 9 scrolls of silence
 d - a scroll of poison
 k - 6 scrolls of revelation
 n - 11 scrolls of fog
 v - 6 scrolls of holy word
 y - 14 scrolls of teleportation
 I - 9 scrolls of immolation
 V - 4 scrolls of fear
Potions
 f - 7 potions of haste
 h - 7 potions of resistance
 m - 2 potions of might
 o - 6 potions of curing
 s - 6 potions of cancellation
 C - 11 potions of magic
 K - a potion of heal wounds
 L - a potion of mutation
 M - a potion of berserk rage
 Q - 3 potions of ambrosia
 S - 11 potions of lignification
 Z - 9 potions of invisibility


   Skills:
 O Level 27 Fighting
 - Level 1.3 Short Blades
 - Level 1.3 Maces & Flails
 O Level 27 Polearms
 - Level 2.2 Ranged Weapons
 - Level 24.7 Throwing
 - Level 24.0 Armour
 + Level 20.4 Dodging
 * Level 18.6 Stealth
 - Level 24.8 Shields
 - Level 0.7 Conjurations
 - Level 0.7 Hexes
 - Level 0.7 Summonings
 - Level 0.7 Necromancy
 - Level 0.6 Translocations
 - Level 0.8 Transmutations
 - Level 0.6 Fire Magic
 - Level 0.5 Ice Magic
 - Level 0.6 Air Magic
 - Level 0.6 Earth Magic
 - Level 0.7 Poison Magic
 + Level 14.8 Invocations
 - Level 0.9 Evocations
 - Level 0.6 Shapeshifting


You had 26 spell levels left.
You didn't know any spells.
Your spell library contained the following spells:

 Spells                   Type           Power      Damage    Failure   Level
 Foxfire                  Conj/Fire      0%         2x1d4     52%         1
 Magic Dart               Conj           4%         1d3       52%         1
 Pain                     Necr           4%         1d4       52%         1
 Shock                    Conj/Air       0%         1d3       52%         1
 Slow                     Hex            4%         N/A       52%         1
 Sting                    Tmut/Pois      4%         1d3       52%         1
 Apportation              Tloc           0%         N/A       54%         1
 Freeze                   Ice            0%         1d3       56%         1
 Sublimation of Blood     Necr           1%         N/A       65%         2
 Wereblood                Tmut           1%         N/A       65%         2
 Passwall                 Tmut/Erth      0%         N/A       67%         2
 Poisonous Vapours        Pois/Air       0%         N/A       67%         2
 Searing Ray              Conj           2%         2d4       67%         2
 Static Discharge         Conj/Air       0%         2-2/arc   67%         2
 Blink                    Tloc           0%         N/A       69%         2
 Ensorcelled Hibernation  Hex/Ice        0%         N/A       69%         2
 Scorch                   Fire           0%         2d5       69%         2
 Vampiric Draining        Necr           1%         2d6       87%         3
 Confusing Touch          Hex            1%         N/A       88%         3
 Dazzling Flash           Conj/Hex       2%         N/A       88%         3
 Ignite Poison            Fire/Tmut/Pois 1%         N/A       88%         3
 Mephitic Cloud           Conj/Pois/Air  0%         N/A       88%         3
 Portal Projectile        Hex/Tloc       0%         N/A       88%         3
 Stone Arrow              Conj/Erth      0%         3d7       88%         3
 Frozen Ramparts          Ice            0%         1d1       89%         3
 Gell's Gravitas          Tloc           0%         N/A       89%         3
 Hailstorm                Conj/Ice       0%         3d3       89%         3
 Ozocubu's Armour         Ice            0%         N/A       89%         3
 Swiftness                Air            0%         N/A       89%         3
 Teleport Other           Tloc           0%         N/A       89%         3
 Volatile Blastmotes      Fire/Tloc      0%         2d10      89%         3
 Airstrike                Air            0%         2d(0-16)  99%         4
 Anguish                  Hex/Necr       0%         N/A       99%         4
 Dispel Undead            Necr           1%         3d6       99%         4
 Flame Wave               Conj/Fire      0%         2d4       99%         4
 Fulminant Prism          Conj/Hex       0%         3d5       99%         4
 Iskenderun's Mystic Bla  Conj/Tloc      0%         2d3       99%         4
 Leda's Liquefaction      Hex/Erth       0%         N/A       99%         4
 Manifold Assault         Tloc           0%         N/A       99%         4
 Olgreb's Toxic Radiance  Pois           0%         N/A       99%         4
 Passage of Golubria      Tloc           0%         N/A       99%         4
 Petrify                  Tmut/Erth      1%         N/A       99%         4
 Sticky Flame             Conj/Fire      0%         2d3       99%         4
 Agony                    Necr           1%         N/A       100%        5
 Alistair's Intoxication  Tmut/Pois      0%         N/A       100%        5
 Borgnjor's Vile Clutch   Necr/Erth      0%         N/A       100%        5
 Fireball                 Conj/Fire      0%         3d3       100%        5
 Irradiate                Conj/Tmut      0%         3d11      100%        5
 Iskenderun's Battlesphe  Conj           1%         2d6       100%        5
 Lee's Rapid Deconstruct  Erth           0%         3d4*      100%        5
 Lightning Bolt           Conj/Air       0%         1d11      100%        5
 Metabolic Englaciation   Hex/Ice        0%         N/A       100%        5
 Silence                  Hex/Air        0%         N/A       100%        5
 Yara's Violent Unravell  Hex/Tmut       0%         3d3       100%        5
 Conjure Ball Lightning   Conj/Air       0%         3x3d6     100%        6
 Dispersal                Tloc           0%         N/A       100%        6
 Eringya's Noxious Bog    Tmut/Pois      0%         4d6       100%        6
 Leda's Unmaking          Conj/Erth      0%         9d1       100%        6
 Plasma Beam              Fire/Air       0%         2x1d10    100%        6
 Starburst                Conj/Fire      0%         6d3       100%        6
 Enfeeble                 Hex            0%         N/A       100%        7
 Orb of Destruction       Conj           0%         9d5       100%        7
 Ozocubu's Refrigeration  Ice            0%         4d7       100%        7
 Discord                  Hex            0%         N/A       100%        8
 Disjunction              Tloc           0%         N/A       100%        8
 Ignition                 Fire           0%         3d3       100%        8
 Lehudib's Crystal Spear  Conj/Erth      0%         10d2      100%        8
 Maxwell's Capacitive Co  Air            0%         ∞         100%        8
 Chain Lightning          Conj/Air       0%         N/A       100%        9
 Fire Storm               Conj/Fire      0%         5d1       100%        9
 Shatter                  Erth           0%         3d5*      100%        9
 Summon Small Mammal      Summ           Unusable   N/A       N/A         1
 Call Canine Familiar     Summ           Unusable   N/A       N/A         3
 Summon Guardian Golem    Hex/Summ       Unusable   N/A       N/A         3
 Tukima's Dance           Hex            Unusable   N/A       N/A         3
 Animate Armour           Summ/Erth      Unusable   N/A       N/A         4
 Animate Dead             Necr           Unusable   N/A       N/A         4
 Summon Lightning Spire   Summ/Air       Unusable   N/A       N/A         4
 Summon Forest            Summ/Tloc      Unusable   N/A       N/A         5
 Death Channel            Necr           Unusable   N/A       N/A         6
 Simulacrum               Ice/Necr       Unusable   N/A       N/A         6
 Summon Cactus Giant      Summ           Unusable   N/A       N/A         6
 Spellforged Servitor     Conj/Summ      Unusable   N/A       N/A         7
 Summon Hydra             Summ           Unusable   N/A       N/A         7
 Dragon's Call            Summ           Unusable   N/A       N/A         9

Dungeon Overview and Level Annotations

Branches:
Dungeon (15/15)            Temple (1/1) D:5            Lair (6/6) D:10
  Swamp (4/4) Lair:3        Snake (4/4) Lair:4        Slime (5/5) Lair:5
    Orc (2/2) D:12            Elf (3/3) Orc:2        Vaults (5/5) D:13
  Crypt (3/3) Vaults:3       Tomb (1/3) Crypt:3      Depths (4/4) D:15
   Hell (visited)             Dis (0/7) Hell            Geh (5/7) Hell
    Coc (3/7) Hell            Tar (7/7) Hell            Zot (5/5) Depths:4
  IceCv (visited)         Desolation (visited)      Gauntlet (visited)

Altars:
Cheibriados
Elyvilon
Fedhas
Gozag
Hepliaklqana
Kikubaaqudgha
Makhleb
Okawaru
Qazlal
Ru
Trog
Vehumet
Wu Jian
Xom
Yredelemnul
Zin
The Shining One
Jiyva

Shops:
D:5 !   Orc:2 [=(*:   Elf:2 *[=[[   Snake:2 :(=   Depths:1 =::(   Depths:2 =
Depths:4 !**[

Portals:
Hell: Depths:1 Depths:2 Depths:3 Depths:4
Abyss: Depths:2 Depths:3
Pandemonium: Depths:1 Depths:2 Depths:3 Depths:4
Ziggurat: Depths:1

Annotations:
Zot:5 1 exclusion
Abyss:1 Zenata


Innate Abilities, Weirdness & Mutations

You have a pair of horns on your head.
You reflexively headbutt those who attack you in melee.
You are partially covered in iridescent scales. (AC +2)
You are partially covered in large bone plates. (SH +4)
You sometimes lose your temper in combat.
Armour fits poorly on your strangely shaped body.
Your body sometimes deteriorates upon taking damage.
You are very weak. (Str -4)
Your spells are a little easier to cast, but a little less powerful.


Message History

You closely miss Xanomupp. You headbutt Xanomupp!
Xanomupp is heavily wounded.
You block Xanomupp's attack. x2; Xanomupp hits you but does no damage.
The soul eater is engulfed in blazing flames.
You impale Xanomupp!!
Space warps horribly around Xanomupp!!
Xanomupp is severely wounded.
You block Xanomupp's attack. x2
The soul eater is engulfed in blazing flames.
The cacodemon gestures at the wall of the weird stuff which makes up Pandemonium.
Some weird stuff shatters into small pieces.
You block Xanomupp's attack.
You hit Xanomupp but do no damage.
Space warps around Xanomupp.
You headbutt Xanomupp, but do no damage.
Xanomupp is severely wounded.
Xanomupp hits you!!
* * * LOW HITPOINT WARNING * * *
Your body deteriorates!
You feel clumsy.
You feel your power leaking away. You block Xanomupp's attack.
Reach: c) +8 demon trident "Rift" {distort, reach+}
Press: ? - help, Dir - move target, f - Xanomupp
Aim: Xanomupp, armed with an antimagic touch (purple smoke, severely wounded, fast, surrounded by flames, about 17% to evade the +8 demon trident "Rift")
Okay, then.
Unknown command.
As you read the scroll of holy word, it crumbles to dust.
This item has been removed, sorry!
Okay, then.
Magic courses through your body. Xanomupp hits you but does no damage.
Xanomupp hits you!!
* * * LOW HITPOINT WARNING * * *
You feel your power leaking away. Xanomupp hits you but does no damage.
You block Xanomupp's attack.
The soul eater is engulfed in blazing flames.
Xanomupp completely misses you.
Okay, then.
Okay, then.
You feel much better.
Xanomupp sneers, "Thy liver shall be my dinner!"
Xanomupp hits you but does no damage. You block Xanomupp's attack.
Xanomupp hits you!!
You die...

.....# #..........
.....# #.........
.....######.........
...............####
...............#
....^..........#
..............§#########
###########...§§§.§....#
# #.##...°§@§§....# #
#..#...°&§§§....# #
#......33○§§....#
#.......°........
###....°.#####.....
##.3○.2..3# .^...
#..○☼.4..## ####
##.☼..2.# ##.4§°.#


You could see Xanomupp (fast, clouds), a cacodemon, a blizzard demon, 3 soul
eaters and a chaos spawn (resistant).

Vanquished Creatures
  Cerebov (Arena)
  the Royal Jelly (Slime:5)
  Ereshkigal (Tar:7)
  2 dread liches (Arena)
  4 ancient liches
  5 orbs of fire
  A royal mummy (Tomb:1)
  Sojobo (Vaults:3)
  7 Killer Klowns (Zot:5)
  2 shard shrikes (Hell)
  Geryon (Arena)
  9 golden dragons
  2 curse toes
  The ghost of Mandevil the Conqueror, an adept OgMo of Okawaru (Vaults:1)
  18 profane servitors
  29 bone dragons
  A Brimstone Fiend (Pan)
  14 Tzitzimimeh
  13 doom hounds
  2 hellephants
  3 electric golems
  Jorgrun (D:15)
  A Hell Sentinel (Abyss:5)
  7 liches
  2 Ice Fiends
  2 walking crystal tomes
  20 Orb Guardians (Zot:5)
  21 tentacled monstrosities
  15 tainted leviathans
  3 deep elf blademasters
  4 searing wretches
  11 quicksilver dragons
  24 acid blobs
  2 deep elf master archers (Elf:3)
  3 titans
  A walking frostbound tome (Depths:3)
  2 Executioners
  14 sphinxes
  The ghost of Querens the Sorcerer, an adept DECj of Vehumet (Swamp:1)
  3 death cobs
  Frances (Snake:1)
  8 shadow dragons
  6 ancient champions
  8 tengu reavers
  8 tentacled starspawn
  4 thorn hunters (Swamp:4)
  2 revenants
  A nagaraja (Snake:2)
  7 fenstrider witches
  A nargun (Coc:1)
  17 storm dragons
  10 draconian monks
  12 fire giants
  15 azure jellies
  11 rockslimes
  7 draconian knights
  An orc warlord (Orc:2)
  11 deep elf sorcerers
  3 draconian shifters
  A ghost moth (Zot:3)
  6 frost giants
  A spectral juggernaut (Tar:4)
  Louise (Depths:2)
  8 draconian scorchers
  15 balrugs
  17 vault wardens
  3 angels
  A curse skull (Crypt:2)
  7 draconian stormcallers
  An imperial myrmidon (Desolation)
  An iron dragon (Depths:1)
  A juggernaut zombie (Crypt:2)
  5 cacodemons
  9 ghouls
  2 deep elf elementalists (Elf:3)
  14 quicksilver oozes
  2 spriggan defenders (Depths:3)
  18 ironbound preservers
  6 reapers
  3 war gargoyles
  5 draconian annihilators
  23 stone giants
  33 very ugly things
  2 lorocyprocas
  7 green draconians
  7 ironbound thunderhulks
  A demonspawn blood saint (Pan)
  3 eleionomae
  3 entropy weavers (Vaults:1)
  14 vampire knights
  2 bennus (Tomb:1)
  6 deep elf demonologists
  24 putrid mouths
  3 black draconians
  9 white draconians
  A spectral titan (Tar:2)
  11 purple draconians
  16 red draconians
  9 bunyips
  8 dire elephants
  A minotaur (Gauntlet)
  An elemental wellspring (Coc:2)
  3 halazid warlocks
  A demonspawn black sun (Pan)
  6 deep elf annihilators
  16 yellow draconians
  5 spark wasps (Depths:3)
  7 blizzard demons
  5 eidola
  A green death (Swamp:4)
  Snorg (D:13)
  Josephine (D:13)
  4 ragged hierophants (Desolation)
  5 crystal guardians
  5 deep elf death magi
  15 fire dragons
  5 mummy priests (Tomb:1)
  7 spectral spriggans
  A shambling mangrove (Abyss:5)
  18 yaktaur captains
  9 ettins
  12 jiangshi (Crypt:3)
  34 vault guards
  6 deep elf high priests
  10 great orbs of eyes
  8 rakshasas
  A hell beast (Pan)
  The ghost of Dyamorph the Fighter, a journeyman FoHu of Dithmenos (D:9)
  A spectral shadow dragon (Tar:1)
  6 peacekeepers
  4 boulder beetles
  7 servants of whispers
  3 salamander tyrants
  A kraken zombie (Hell)
  A spectral tengu (Vaults:1)
  6 ice dragons
  2 juggernaut simulacra
  14 hydras
  5 spriggan air magi
  18 anacondas
  2 catoblepae
  10 ogre magi
  Erica (D:8)
  2 fenstrider witch skeletons
  18 two-headed ogres
  17 centaur warriors
  5 ironbound frosthearts
  3 death knights (Crypt:3)
  16 alligators
  2 vampire magi (Crypt:1)
  A deep troll shaman (Depths:3)
  6 death yaks (Lair:6)
  6 tengu warriors
  9 deep troll earth magi
  11 naga warriors
  A death yak (shapeshifter) (Vaults:5)
  26 dancing weapons
  23 naga sharpshooters
  An orc high priest (Orc:2)
  13 death scarabs (Tomb:1)
  7 spriggan berserkers
  6 shock serpents
  30 hell hogs
  3 spectral nagas
  14 thrashing horrors
  A titan skeleton (Vaults:3)
  38 sun demons
  11 hell knights
  A spectral storm dragon (Vaults:1)
  2 crystal echidnas
  4 iron trolls
  23 skeletal warriors
  22 soul eaters
  23 deep elf knights
  A spectral anaconda (Tar:2)
  Amaemon (Lair:2)
  9 wretched stars
  4 spatial maelstroms
  5 shadow wraiths
  9 salamander mystics
  Lodul (D:11)
  8 spriggan druids
  A spark wasp zombie (Depths:2)
  2 golden dragon zombies
  4 goliath frogs
  8 sixfirhies
  2 kraken simulacra (Hell)
  47 deep trolls
  A death drake (Swamp:1)
  4 glowing orange brains
  3 orange crystal statues
  9 bog bodies
  3 sea snakes (Snake:4)
  13 deep elf archers
  23 ironbound convokers
  4 lindwurms
  9 naga ritualists
  3 spectral hydras
  10 swamp dragons
  An anaconda skeleton (Crypt:1)
  A shadow dragon zombie (Vaults:3)
  12 phantasmal warriors
  Pikel (D:8)
  15 wizards
  A harpy (shapeshifter) (D:13)
  9 flayed ghosts
  15 necromancers
  7 orc knights
  A tengu zombie (Depths:2)
  4 harpies (Vaults:1)
  29 deep elf zephyrmancers
  A wolf spider (Vaults:4)
  The ghost of flestrin the Thaumaturge, a novice DEVM of Vehumet (D:8)
  3 orc sorcerers (Orc:2)
  8 shining eyes
  11 mana vipers
  28 ugly things
  3 cyclopes
  21 deep elf pyromancers
  A spectral fire dragon (Tar:2)
  3 worldbinders
  27 salamanders
  2 spectral ettins
  A spectral centaur (Tar:2)
  6 elephants (Lair:5)
  A frost giant zombie (Crypt:2)
  27 moths of wrath
  3 will-o-the-wisps
  A manticore (D:15)
  17 vault sentinels
  Maurice (D:13)
  33 black mambas
  A sphinx skeleton (Vaults:3)
  An apocalypse crab (Abyss:4)
  2 gargoyles
  A spectral alligator snapping turtle (Tar:2)
  4 molten gargoyles (Hell)
  3 rust devils
  4 eyes of devastation
  A torpor snail (Gauntlet)
  9 guardian serpents
  3 ice statues
  17 naga magi
  A stone giant skeleton (Crypt:3)
  A black mamba (shapeshifter) (D:13)
  2 titan simulacra
  23 smoke demons
  10 spectral swamp worms (Tar:7)
  A storm dragon simulacrum (Coc:1)
  18 cane toads
  6 hellions
  2 unseen horrors (shapeshifter)
  10 freezing wraiths
  14 orange demons
  2 demonic crawlers
  A sea snake zombie (Hell)
  Maggie (D:8)
  A yaktaur (shapeshifter) (D:11)
  8 efreet
  A naga skeleton (Abyss:4)
  5 rime drakes
  4 unseen horrors
  9 komodo dragons
  2 bunyip simulacra
  A kobold demonologist (D:12)
  11 tormentors
  28 yaktaurs
  3 anaconda simulacra
  3 ice devils
  A tengu conjurer (Depths:4)
  9 ancient zymes
  A spectral ogre (Vaults:1)
  A golden dragon simulacrum (Vaults:1)
  A red draconian skeleton (Crypt:1)
  7 hellwings
  11 guardian mummies (Tomb:1)
  2 silent spectres
  5 very ugly thing simulacra (IceCv)
  5 spectral harpies
  A red devil (Depths:1)
  A yaktaur skeleton (Vaults:3)
  9 trolls
  3 entropy weaver simulacra (IceCv)
  5 polar bears
  2 merfolk (shapeshifter) (Vaults:5)
  2 bloated husks
  9 tyrant leeches
  A tarantella (shapeshifter) (Abyss:5)
  A tarantella (Vaults:1)
  9 hornets
  An ice dragon zombie (Crypt:1)
  128 slime creatures
  2 raiju (shapeshifter)
  36 saltlings (Desolation)
  23 dream sheep
  23 blink frogs
  A hydra skeleton (Hell)
  2 human simulacra
  19 raiju
  3 harpy skeletons (Crypt:1)
  7 air elementals
  3 stone giant simulacra
  A guardian serpent zombie (Crypt:2)
  A jumping spider (Vaults:1)
  24 large abominations
  A spectral black mamba (Tar:1)
  A spriggan (shapeshifter) (Vaults:5)
  12 ynoxinuls
  2 ettin skeletons
  60 flying skulls
  2 spriggan skeletons
  A centaur simulacrum (Coc:1)
  11 water elementals
  15 wraiths
  An alligator skeleton (Hell)
  A culicivora (Vaults:1)
  23 spriggans
  6 wyverns
  6 shadows
  9 neqoxecs
  8 steam dragons
  89 yaks
  An ushabti (Tomb:1)
  18 golden eyes
  4 basilisks
  10 fire elementals
  6 chaos spawn
  4 vampire mosquitoes (D:11)
  A redback (Vaults:1)
  Menkaure (D:5)
  39 nagas
  A two-headed ogre zombie (Hell)
  7 spatial vortices (Abyss:3)
  5 wargs
  An elf skeleton (Vaults:3)
  A harpy simulacrum (Coc:1)
  5 acid dragons
  A merfolk zombie (Crypt:1)
  A merfolk skeleton (Crypt:1)
  15 swamp worms
  6 demonic crawler simulacra (IceCv)
  12 water moccasins
  A floating eye (Depths:4)
  13 hell hounds
  A sky beast (D:7)
  A black bear (shapeshifter) (Abyss:4)
  21 small abominations
  35 orc warriors
  2 swamp drakes
  6 black bears
  23 starcursed masses
  3 ice beasts
  3 ugly thing simulacra (IceCv)
  An ettin simulacrum (Coc:2)
  2 human zombies (Vaults:3)
  15 ogres
  8 boggarts
  18 wolves
  A snapping turtle skeleton (Crypt:2)
  15 centaurs
  A lemure (D:8)
  2 phantoms (D:5)
  4 kobold brigands
  A fire crab zombie (Crypt:2)
  9 necrophages
  19 bullfrogs
  8 earth elementals
  A gnoll sergeant (D:7)
  3 scorpions
  A glowing shapeshifter simulacrum (Vaults:1)
  5 wights
  A swamp dragon simulacrum (Crypt:1)
  A warg skeleton (Crypt:1)
  A killer bee (D:10)
  An electric eel (Lair:5)
  2 howler monkeys (D:9)
  A yak skeleton (Crypt:2)
  9 hounds
  3 quasits (Abyss:1)
  A bullfrog skeleton (Crypt:2)
  12 orc priests
  A centaur skeleton (Crypt:1)
  5 iron imps
  10 iguanas
  Terence (D:2)
  13 hell rats
  Natasha (thrice) (D:2)
  24 orc wizards
  A human skeleton (Crypt:1)
  A naga zombie (Crypt:2)
  18 mummies (Tomb:1)
  11 adders
  16 gnolls
  A swamp drake skeleton (Crypt:2)
  2 shadow imps
  3 white imps
  6 ufetubi
  An adder skeleton (Crypt:1)
  3 worms
  A dart slug (D:5)
  68 orcs
  4 bats
  6 endoplasms
  2 giant cockroaches
  A gnoll zombie (Crypt:2)
  7 goblins
  2 hobgoblins
  4 jackals (D:1)
  3 quokkas
  5 ball pythons
  3 frilled lizards
  A hobgoblin skeleton (Crypt:1)
  19 kobolds
  3 rats
  4 fire vortices
  2 lurking horrors
  8 starspawn tentacles
  2 tentacles (Hell)
3272 creatures vanquished.

Vanquished Creatures (others)
  A sphinx (Depths:2)
  A deep elf annihilator (Elf:3)
  A ragged hierophant (Desolation)
  A naga warrior (Snake:3)
  A deep elf knight (Elf:2)
  A deep troll (Vaults:3)
  A deep elf pyromancer (Elf:3)
  2 bloated husks
  A raiju (Abyss:5)
  A saltling (Desolation)
  A slime creature (IceCv)
  A blink frog (Abyss:3)
  A large abomination (Abyss:5)
  A flying skull (Tomb:1)
  A shadow (Abyss:3)
  A spriggan (Swamp:1)
  2 small abominations (Abyss:5)
  A wraith (Crypt:3)
  A chaos spawn (Abyss:4)
  A spatial vortex (Abyss:3)
  A vampire mosquito (Swamp:4)
  4 hell rats (Hell)
  2 orcs (D:8)
  A fire vortex (Hell)
  6 foxfires (Swamp:1)
  A lurking horror (Abyss:4)
  19 starspawn tentacles
  20 tentacles
76 creatures vanquished.

Grand Total: 3348 creatures vanquished

Notes
Turn   | Place    | Note
-------+----------+-------------------------------------------
     0 | D:1      | Bamboolord the Minotaur Fighter began the quest for the
                  | Orb.
     0 | D:1      | Reached XP level 1. HP: 19/19 MP: 0/0
   242 | D:1      | Reached XP level 2. HP: 27/27 MP: 1/1
   505 | D:1      | Found a faded altar of an unknown god.
   848 | D:2      | Reached XP level 3. HP: 32/33 MP: 2/2
  1113 | D:2      | Noticed Terence
  1119 | D:2      | Killed Terence
  1334 | D:2      | Upgraded the game from 0.29-a0-23-ga79f92ac9c to
                  | 0.29-a0-222-g5b244fca1f
  1334 | D:2      | Upgraded the game from 0.29-a0-222-g5b244fca1f to
                  | 0.29-a0-352-g0917bc69df
  1406 | D:2      | Noticed Natasha
  1413 | D:2      | Killed Natasha
  1414 | D:2      | Reached XP level 4. HP: 34/41 MP: 3/3
  1793 | D:2      | Noticed Natasha
  1819 | D:2      | Killed Natasha
  2056 | D:2      | Noticed Natasha
  2062 | D:2      | Killed Natasha
  2063 | D:2      | Reached XP level 5. HP: 41/47 MP: 4/4
  2238 | D:3      | Got the Reference Book on Poisonous Transformation
  2281 | D:3      | Reached skill level 5 in Fighting
  2670 | D:3      | Reached skill level 5 in Armour
  2940 | D:4      | Reached XP level 6. HP: 53/56 MP: 5/5
  2946 | D:4      | Reached skill level 5 in Polearms
  3815 | D:5      | Entered Level 5 of the Dungeon
  3815 | D:5      | Found Ujuat's Distillery.
  4231 | D:5      | Reached XP level 7. HP: 58/61 MP: 6/6
  4303 | D:5      | Noticed a troll
  4320 | D:5      | Upgraded the game from 0.29-a0-352-g0917bc69df to
                  | 0.29-a0-356-g7bc237e783
  4588 | D:5      | Found a staircase to the Ecumenical Temple.
  4643 | Temple   | Entered the Ecumenical Temple
  4822 | Temple   | Became a worshipper of Warmaster Okawaru
  4906 | D:5      | Reached skill level 5 in Shields
  5158 | D:5      | Upgraded the game from 0.29-a0-356-g7bc237e783 to
                  | 0.29-a0-359-g541a27f54d
  5270 | D:5      | Noticed Menkaure
  5282 | D:5      | Killed Menkaure
  5564 | D:5      | Reached * piety under Okawaru
  5717 | D:5      | Reached XP level 8. HP: 54/70 MP: 7/7
  6332 | D:6      | Reached ** piety under Okawaru
  7202 | D:7      | Reached XP level 9. HP: 19/79 MP: 8/8
  7539 | D:7      | Reached skill level 10 in Polearms
  7906 | D:7      | Noticed an eight-headed hydra
  7966 | D:7      | Killed an eight-headed hydra
  7981 | D:7      | Reached *** piety under Okawaru
  8350 | D:7      | Found a sacrificial altar of Ru.
  8616 | D:8      | Noticed Maggie
  8796 | D:8      | Killed Maggie
  8969 | D:8      | Noticed Erica
  9253 | D:8      | Killed Erica
  9253 | D:8      | Reached **** piety under Okawaru
  9254 | D:8      | Reached skill level 1 in Throwing
  9254 | D:8      | Reached XP level 10. HP: 90/90 MP: 9/9
  9284 | D:8      | Noticed Pikel
  9291 | D:8      | Killed Pikel
  9316 | D:8      | Reached skill level 1 in Invocations
  9630 | D:8      | Found a runed translucent door.
  9646 | D:8      | Noticed flestrin's ghost (novice DEVM)
  9700 | D:8      | Noticed a boulder beetle
 10130 | D:9      | Found a runed translucent door.
 10142 | D:9      | Identified the +4 spear "Nablo" {vorpal, rPois Str+2 Dex+3}
 10143 | D:9      | Noticed Dyamorph's ghost (journeyman FoHu)
 10780 | D:8      | Noticed a two-headed ogre
 10787 | D:8      | Killed a two-headed ogre
 10968 | D:10     | Entered Level 10 of the Dungeon
 11066 | D:10     | Noticed a two-headed ogre
 11081 | D:10     | Killed a two-headed ogre
 11081 | D:10     | Reached ***** piety under Okawaru
 11082 | D:10     | Reached skill level 10 in Armour
 11098 | D:10     | Reached skill level 10 in Fighting
 11098 | D:10     | Reached XP level 11. HP: 74/99 MP: 11/11
 11614 | D:10     | Received a gift from Okawaru
 11798 | D:10     | Found a staircase to the Lair.
 11857 | D:10     | Noticed a two-headed ogre
 11870 | D:10     | Killed a two-headed ogre
 11870 | D:10     | Identified the +1 pair of boots of Inviolability {rF+ rC-
                  | Str+9 Dex+4} (Okawaru gifted it to you on level 10 of the
                  | Dungeon)
 11870 | D:10     | Received a gift from Okawaru
 12476 | D:11     | Noticed a two-headed ogre
 12480 | D:11     | Killed a two-headed ogre
 12527 | D:11     | Noticed a six-headed hydra
 12813 | Lair:1   | Entered Level 1 of the Lair of Beasts
 12813 | Lair:1   | You fall into a shaft and drop 1 floor!
 13344 | Lair:1   | Reached XP level 12. HP: 94/110 MP: 14/14
 13427 | Lair:1   | Reached ****** piety under Okawaru
 13452 | Lair:1   | Received a gift from Okawaru
 14260 | Lair:1   | Reached skill level 15 in Polearms
 14529 | Lair:2   | Reached skill level 5 in Invocations
 14636 | Lair:2   | Identified the +1 ring mail of Insurance {Will+} (Okawaru
                  | gifted it to you on level 2 of the Lair of Beasts)
 14636 | Lair:2   | Received a gift from Okawaru
 15358 | Lair:3   | Noticed Amaemon
 15468 | Lair:2   | Killed Amaemon
 15773 | Lair:3   | Found a staircase to the Swamp.
 15857 | Lair:3   | Reached XP level 13. HP: 110/119 MP: 16/16
 16294 | Lair:3   | Reached skill level 10 in Shields
 17045 | Lair:4   | Found a staircase to the Snake Pit.
 17598 | Lair:4   | Identified the +1 cloak "Baalag" {rCorr Str+4 Int-2}
                  | (Okawaru gifted it to you on level 4 of the Lair of Beasts)
 17598 | Lair:4   | Received a gift from Okawaru
 18947 | Lair:5   | Found a viscous altar of Jiyva.
 18948 | Lair:5   | Found a staircase to the Slime Pits.
 19368 | Lair:5   | Got the Collected Works on Translocation
 20017 | Lair:6   | Entered Level 6 of the Lair of Beasts
 20106 | Lair:6   | Reached skill level 15 in Armour
 20114 | Lair:6   | Received a gift from Okawaru
 20117 | Lair:6   | Reached XP level 14. HP: 133/133 MP: 18/18
 20508 | Lair:6   | Reached skill level 15 in Fighting
 20632 | Lair:6   | Identified the +11 trident of Goetes {vorpal, rC+ Stlth+}
                  | (Okawaru gifted it to you on level 6 of the Lair of Beasts)
 20632 | Lair:6   | Received a gift from Okawaru
 21222 | Lair:6   | Identified a scroll of acquirement
 21224 | Lair:6   | Acquired an amulet of guardian spirit
 21398 | Lair:6   | Identified the +2 mace "Vuiroett" {vorpal, Str+2 Stlth+}
 22642 | D:11     | Found a large runed translucent door.
 22642 | D:11     | Found a large runed translucent door.
 22648 | D:11     | Noticed Lodul
 22654 | D:11     | Killed Lodul
 22724 | D:11     | Paralysed by an air elemental for 1 turns
 23026 | D:8      | Killed flestrin's ghost
 23087 | D:9      | Killed Dyamorph's ghost
 23176 | D:12     | Identified the +3 hat "Diletz" {Will+} (Okawaru gifted it
                  | to you on level 12 of the Dungeon)
 23176 | D:12     | Received a gift from Okawaru
 23214 | D:12     | Found a gate leading to a gauntlet.
 23223 | Gauntlet | Entered a Gauntlet
 23223 | Gauntlet | Found a transporter.
 23230 | Gauntlet | Found a transporter.
 23232 | Gauntlet | Found a transporter.
 23251 | Gauntlet | Found a transporter.
 23252 | Gauntlet | Found a transporter.
 23254 | Gauntlet | Noticed a quicksilver ooze
 23256 | Gauntlet | Found a runed translucent door.
 23256 | Gauntlet | Found a runed translucent door.
 23265 | Gauntlet | Found a transporter.
 23281 | Gauntlet | Found a transporter.
 23286 | Gauntlet | Found a transporter.
 23297 | Gauntlet | Found a runed translucent gate.
 23298 | Gauntlet | Found a transporter.
 23298 | Gauntlet | Found a runed translucent gate.
 23299 | Gauntlet | Found a runed translucent gate.
 23302 | Gauntlet | Found a transporter.
 23312 | Gauntlet | Found a transporter.
 23318 | Gauntlet | Found a transporter.
 23352 | Gauntlet | Found a transporter.
 23356 | Gauntlet | Found a transporter.
 23549 | Gauntlet | Identified the +1 cloak of the Jabberwock {Will- Dex+2
                  | SInv}
 23551 | Gauntlet | Identified the +2 halberd of Resourcefulness {elec, rElec
                  | Int-3 Dex+3}
 23631 | Gauntlet | Identified the amulet "Trusted Companion" {Acrobat Fly
                  | rElec Str+3 Dex+4}
 23700 | D:12     | Found an ancient bone altar of Kikubaaqudgha.
 23890 | D:12     | Reached XP level 15. HP: 144/144 MP: 19/19
 23892 | D:12     | Found a staircase to the Orcish Mines.
 24388 | Orc:1    | Entered Level 1 of the Orcish Mines
 24454 | Orc:2    | Entered Level 2 of the Orcish Mines
 24461 | Orc:2    | Found Gesept's Self-Improvement Boutique.
 24978 | Orc:2    | Found a staircase to the Elven Halls.
 25358 | Orc:2    | Noticed an orc warlord
 25385 | Orc:2    | Killed an orc warlord
 26223 | Orc:2    | Found Oschinnikk's Antique Weapon Shop.
 26235 | Orc:2    | Found Beum's Antique Armour Shop.
 26284 | Orc:2    | Found Newoc's Jewellery Shop.
 26316 | Orc:2    | Found Ixku's General Store.
 26374 | Orc:2    | Bought a glowing kite shield for 255 gold pieces
 26374 | Orc:2    | Bought a smoking troll leather armour for 680 gold pieces
 26374 | Orc:2    | Identified the +3 troll leather armour "Xipn" {rF++ Regen+
                  | Str+5} (You bought it in a shop on level 2 of the Orcish
                  | Mines)
 26401 | Orc:2    | Bought a jewelled halberd for 279 gold pieces
 26401 | Orc:2    | Identified the +8 halberd of Abrunol {holy, rPois Will+
                  | Dex-2} (You bought it in a shop on level 2 of the Orcish
                  | Mines)
 26724 | D:13     | Found a gate to the Vaults.
 26812 | D:13     | Noticed Josephine
 26831 | D:13     | Killed Josephine
 26833 | D:13     | Identified the -4 buckler "Heticves" {*Slow rElec Will+}
                  | (Okawaru gifted it to you on level 13 of the Dungeon)
 26833 | D:13     | Received a gift from Okawaru
 26936 | D:13     | Noticed Snorg
 26944 | D:13     | Killed Snorg
 27076 | D:13     | Noticed Maurice
 27123 | D:13     | Killed Maurice
 28016 | D:14     | Found a stormy altar of Qazlal.
 28482 | D:15     | Entered Level 15 of the Dungeon
 29085 | D:15     | Received a gift from Okawaru
 29212 | D:15     | Noticed Jorgrun
 29222 | D:15     | Killed Jorgrun
 29224 | D:15     | Found a glowing golden altar of the Shining One.
 29466 | D:15     | Found a staircase to the Depths.
 29477 | D:15     | Reached XP level 16. HP: 147/155 MP: 21/21
 29717 | Swamp:1  | Entered Level 1 of the Swamp
 29749 | Swamp:1  | Noticed Querens's ghost (adept DECj)
 29751 | Swamp:1  | Noticed a tentacled monstrosity
 30085 | Swamp:1  | Found a runed translucent gate.
 30086 | Swamp:1  | Found a runed translucent gate.
 30087 | Swamp:1  | Found a runed translucent gate.
 31352 | Swamp:2  | Paralysed by a fenstrider witch for 4 turns
 31357 | Swamp:2  | Received a gift from Okawaru
 31794 | Swamp:2  | Identified the +0 pair of gloves "Omioczott" {rC+ Int+5}
                  | (Okawaru gifted it to you on level 2 of the Swamp)
 31794 | Swamp:2  | Received a gift from Okawaru
 32569 | Swamp:1  | Identified the +1 buckler of Spite {rElec Stlth+}
 32570 | Swamp:1  | Upgraded the game from 0.29-a0-359-g541a27f54d to
                  | 0.29-a0-364-g921d912d32
 33412 | Swamp:3  | Reached skill level 15 in Shields
 33832 | Swamp:4  | Entered Level 4 of the Swamp
 33868 | Swamp:4  | Found an iron altar of Okawaru.
 34198 | Swamp:4  | Noticed a tentacled monstrosity
 34198 | Swamp:4  | Noticed a thorn hunter
 34212 | Swamp:4  | Killed a thorn hunter
 34218 | Swamp:4  | Killed a tentacled monstrosity
 34218 | Swamp:4  | Received a gift from Okawaru
 34219 | Swamp:4  | Reached XP level 17. HP: 164/166 MP: 16/23
 34718 | Swamp:4  | Reached skill level 10 in Invocations
 35371 | Swamp:4  | Identified the +3 robe of Cech {Harm Regen+ Int+2} (Okawaru
                  | gifted it to you on level 4 of the Swamp)
 35371 | Swamp:4  | Received a gift from Okawaru
 35675 | Swamp:4  | Noticed a tentacled monstrosity
 35684 | Swamp:4  | Killed a tentacled monstrosity
 35915 | Swamp:4  | Got a decaying rune of Zot
 36183 | Snake:1  | Entered Level 1 of the Snake Pit
 36277 | Snake:1  | Identified the +1 leather armour of Jisekium {rPois rC-
                  | Dex+2}
 36365 | Snake:1  | Found a frozen archway.
 36373 | IceCv    | Entered an ice cave
 36529 | IceCv    | Reached skill level 1 in Dodging
 37194 | IceCv    | Found a viscous altar of Jiyva.
 37407 | IceCv    | Got the ring "Jupifricw" {Ice Stlth+}
 37411 | IceCv    | Identified the +0 ice dragon scales "Catudoed" {rF- rC++
                  | Int+2}
 37733 | Snake:1  | Received a gift from Okawaru
 38097 | Snake:2  | Noticed Frances
 38234 | Snake:1  | Killed Frances
 38387 | Snake:2  | Reached XP level 18. HP: 146/178 MP: 17/24
 38675 | Snake:2  | Found Qolunuu's Book Boutique.
 38677 | Snake:2  | Found Quga Na Ydau's Antique Weapon Shop.
 38687 | Snake:2  | Found Seqepiq's Jewellery Boutique.
 39030 | Snake:2  | Received a gift from Okawaru
 39460 | Snake:3  | Identified the +6 trident of Pueffuon {speed, rN+}
 40253 | Snake:4  | Entered Level 4 of the Snake Pit
 40833 | Snake:4  | Identified the +5 kite shield of Tisaikemn {Int+7} (Okawaru
                  | gifted it to you on level 4 of the Snake Pit)
 40833 | Snake:4  | Received a gift from Okawaru
 41534 | Snake:4  | Reached skill level 5 in Dodging
 42288 | Snake:4  | Reached XP level 19. HP: 121/188 MP: 26/26
 42363 | Snake:4  | Got a serpentine rune of Zot
 42706 | Snake:2  | Bought a manual of Throwing for 1040 gold pieces
 42971 | Depths:1 | Entered Level 1 of the Depths
 42982 | Depths:1 | Received a gift from Okawaru
 43084 | Depths:1 | Found Verogrie's Weapon Shop.
 43101 | Depths:1 | Found a radiant altar of Vehumet.
 43192 | Depths:1 | Found a one-way gateway to a ziggurat.
 43507 | Depths:1 | Found an ornate altar of the Wu Jian Council.
 43618 | Depths:1 | Identified the ring of Mocuiqog {rF++ Dex+6}
 43820 | Depths:1 | Found a gateway to Hell.
 43831 | Depths:1 | Identified the +7 halberd of Nidatang {flame, Int+3}
                  | (Okawaru gifted it to you on level 1 of the Depths)
 43831 | Depths:1 | Received a gift from Okawaru
 44071 | Depths:1 | Found Tuamoc's Book Boutique.
 44072 | Depths:1 | Found Dethrem's Jewellery Emporium.
 44073 | Depths:1 | Found Detamp's Book Boutique.
 44252 | Depths:1 | Found a one-way gate leading to the halls of Pandemonium.
 44392 | Depths:2 | Found an opulent altar of Gozag.
 44844 | Depths:2 | Reached skill level 5 in Throwing
 44854 | Depths:2 | Paralysed by a sphinx for 3 turns
 44858 | Depths:2 | Received a gift from Okawaru
 45004 | Depths:2 | Found a portal to a secret trove of treasure.
 45095 | Depths:2 | Received a gift from Okawaru
 45185 | Depths:2 | Identified the +1 robe of Evolution {rC- Str+9 Int-3 SInv}
 45420 | Depths:2 | Found Taqy's Jewellery Boutique.
 45426 | Depths:2 | Bought the ring of Ybonal {rElec rF+ SInv} for 684 gold
                  | pieces
 45433 | Depths:2 | Acquired the +0 pair of boots of the Everdark {Will+}
 45505 | Depths:2 | Found a one-way gate to the infinite horrors of the Abyss.
 45506 | Depths:2 | Noticed Louise
 45517 | Depths:2 | Killed Louise
 45698 | Vaults:1 | Entered Level 1 of the Vaults
 46182 | Vaults:1 | Found a transporter.
 46232 | Vaults:1 | Found a transporter.
 46245 | Vaults:1 | Found the +11 plutonium sword {Contam Stlth-}
 46333 | Vaults:1 | Found a runed translucent gate.
 46333 | Vaults:1 | Found a runed translucent gate.
 46333 | Vaults:1 | Found a runed translucent gate.
 46336 | Vaults:1 | Noticed Mandevil's ghost (adept OgMo)
 46603 | Vaults:1 | Identified the +0 kite shield of the Lion {rF+} (Okawaru
                  | gifted it to you on level 1 of the Vaults)
 46603 | Vaults:1 | Received a gift from Okawaru
 46607 | Vaults:1 | Identified the +6 war axe of Impermanence {protect, rElec
                  | rC- SInv}
 47157 | Vaults:2 | Reached XP level 20. HP: 195/200 MP: 27/27
 49362 | Vaults:3 | Found a staircase to the Crypt.
 49542 | Vaults:3 | Noticed Sojobo
 49549 | Vaults:3 | Identified the +0 cloak of Mezcal {rElec rF+ rC+ Int-3}
                  | (Okawaru gifted it to you on level 3 of the Vaults)
 49549 | Vaults:3 | Received a gift from Okawaru
 49568 | Vaults:3 | Killed Sojobo
 50306 | Vaults:3 | Reached skill level 10 in Throwing
 51274 | Vaults:3 | Received a gift from Okawaru
 51761 | Vaults:4 | Reached XP level 21. HP: 129/210 MP: 28/28
 51866 | Vaults:4 | Reached skill level 10 in Dodging
 52050 | Vaults:4 | Found a glowing silver altar of Zin.
 52060 | Vaults:4 | Found a white marble altar of Elyvilon.
 52061 | Vaults:4 | Found a crumbling gateway.
 52061 | Vaults:4 | Found a glowing golden altar of the Shining One.
 52095 | Desolati | Entered the Desolation of Salt
 52385 | Desolati | Received a gift from Okawaru
 52413 | Desolati | Found the +2 hood of the Assassin {Detection Stab+ Stlth++}
 52414 | Desolati | Identified the ring of Mixkust {Fly rPois Int-4 SInv}
 52417 | Desolati | Identified the amulet "Yvuta" {Reflect Contam Fly Will++
                  | SH+5 Stlth+}
 52598 | Desolati | Identified the -4 pair of boots of Grace {rPois rCorr Int-5
                  | Slay-2}
 52604 | Desolati | Identified the ring of Liberalism {rElec rF+++ rC- rCorr
                  | Str+6}
 52607 | Desolati | Got Sif Muna's Collected Works on Transmutation
 52633 | Desolati | Got the Grimoire of Companions and Feathers
 52895 | Arena    | Entered the Arena
 52952 | Arena    | Entered the Arena
 53272 | Desolati | Identified the +1 robe of Vais {rF+ Regen+ Dex+7}
 53276 | Desolati | Got the Tome of Combat Magic and Fire
 53771 | Vaults:4 | Received a gift from Okawaru
 54003 | Vaults:4 | Identified the +10 halberd of Anger {flame, rN++}
 55274 | Depths:3 | Received a gift from Okawaru
 55602 | Depths:3 | Received a gift from Okawaru
 55709 | Depths:3 | Acquired the +1 pair of gloves "Tacuq" {rElec rN++ Will+
                  | Str+2 Dex-3}
 55776 | Depths:3 | Noticed a golden dragon
 55782 | Depths:3 | Killed a golden dragon
 55941 | Depths:3 | Identified the +1 kite shield of Impatience {Str+3}
                  | (Okawaru gifted it to you on level 3 of the Depths)
 55941 | Depths:3 | Received a gift from Okawaru
 56103 | Depths:3 | Reached XP level 22. HP: 200/226 MP: 29/29
 56558 | Depths:3 | Reached skill level 1 in Stealth
 57052 | Depths:3 | You are sucked into a shaft and drop 1 floor!
 57052 | Depths:4 | Entered Level 4 of the Depths
 57199 | Depths:4 | Identified the +6 falchion of the Median {vorpal, *Slow Fly
                  | rPois rN+}
 58561 | Depths:3 | Received a gift from Okawaru
 58561 | Depths:3 | Found the +3 pair of seven-league boots {Rampage+∞}
 59939 | Depths:4 | Found a gate to the Realm of Zot.
 60053 | Depths:4 | Found Mufu's Assorted Antiques.
 60054 | Depths:4 | Found Xiqivub's Antique Armour Emporium.
 60054 | Depths:4 | Found Unarol's Distillery.
 60062 | Depths:4 | Paralysed by a floating eye for 2 turns
 60083 | Depths:4 | Found Gimeeheu's General Store.
 60561 | Depths:4 | Noticed a golden dragon
 60572 | Depths:4 | Killed a golden dragon
 60990 | Hell     | Entered the Vestibule of Hell
 60994 | Hell     | Noticed Geryon
 60999 | Arena    | Entered the Arena
 61017 | Arena    | Killed Geryon
 61437 | Slime:1  | Entered Level 1 of the Pits of Slime
 61542 | Slime:1  | Gained mutation: You are clumsy. (Dex -2) [a shining eye]
 61965 | Slime:2  | Reached skill level 5 in Stealth
 62103 | Slime:1  | Gained mutation: Your spells are a little easier to cast,
                  | but a little less powerful. [a shining eye]
 62968 | Slime:2  | Received a gift from Okawaru
 63472 | Slime:5  | Entered Level 5 of the Pits of Slime
 63507 | Slime:5  | Reached XP level 23. HP: 233/237 MP: 31/31
 64054 | Slime:3  | Gained mutation: You occasionally lose the ability to read
                  | scrolls when taking damage. [a shining eye]
 64071 | Slime:3  | Lost mutation: You occasionally lose the ability to read
                  | scrolls when taking damage. [potion of mutation]
 64071 | Slime:3  | Lost mutation: You are clumsy. (Dex -2) [potion of
                  | mutation]
 64071 | Slime:3  | Gained mutation: Your mind is acute. (Int +4, Str/Dex -1)
                  | [potion of mutation]
 64071 | Slime:3  | Gained mutation: You are partially covered in iridescent
                  | scales. (AC +2) [potion of mutation]
 64071 | Slime:3  | Gained mutation: Your system is resistant to poisons.
                  | (rPois) [potion of mutation]
 64640 | Slime:5  | Gained mutation: Armour fits poorly on your strangely
                  | shaped body. [a shining eye]
 64642 | Slime:5  | Gained mutation: You occasionally shout uncontrollably at
                  | your foes. [a shining eye]
 64644 | Slime:5  | Gained mutation: You occasionally lose the ability to read
                  | scrolls when taking damage. [a shining eye]
 64654 | Slime:5  | Lost mutation: You occasionally shout uncontrollably at
                  | your foes. [potion of mutation]
 64654 | Slime:5  | Lost mutation: You occasionally lose the ability to read
                  | scrolls when taking damage. [potion of mutation]
 64654 | Slime:5  | Lost mutation: Your mind is acute. (Int +4, Str/Dex -1)
                  | [potion of mutation]
 64654 | Slime:5  | Lost mutation: Armour fits poorly on your strangely shaped
                  | body. [potion of mutation]
 64654 | Slime:5  | Gained mutation: You sometimes lose your temper in combat.
                  | [potion of mutation]
 64654 | Slime:5  | Gained mutation: Your mind is acute. (Int +4, Str/Dex -1)
                  | [potion of mutation]
 64660 | Slime:5  | Noticed the Royal Jelly
 65646 | Slime:5  | Received a gift from Okawaru
 65652 | Slime:5  | Found a viscous altar of Jiyva.
 65652 | Slime:5  | Found the +12 glaive of Prune {vorpal}
 65657 | Slime:5  | Found the +14 obsidian axe {vorpal, Mesm Drain Fly SInv}
 66139 | Slime:5  | Killed the Royal Jelly
 66139 | Slime:5  | Received a gift from Okawaru
 66550 | Slime:5  | Identified the ring of the Death Scarab {Wiz *Corrode rElec
                  | rPois rC++}
 66557 | Slime:5  | Got a slimy rune of Zot
 66566 | Slime:5  | Identified the +3 hand axe of Qazlal's Approval {vorpal,
                  | *Corrode rElec rPois}
 66656 | Slime:5  | Identified the -6 buckler "Biuk" {Harm rCorr Str+2}
 66657 | Slime:5  | Identified the +5 scale mail "Qangogeq" {rC+}
 67586 | Elf:1    | Entered Level 1 of the Elven Halls
 67754 | Elf:1    | Identified the +17 crystal plate armour of the King of the
                  | Hill {Harm Will+} (Okawaru gifted it to you on level 1 of
                  | the Elven Halls)
 67754 | Elf:1    | Received a gift from Okawaru
 68460 | Elf:2    | Found Ettuehe's Armour Boutique.
 68481 | Elf:2    | Paralysed by an air elemental for 1 turns
 68578 | Elf:2    | Found Tumpoh's Jewellery Shop.
 68702 | Elf:2    | Found Rumili Xatoc's Armour Shoppe.
 68782 | Elf:2    | Found Feyfetac's Armour Shoppe.
 68867 | Elf:2    | Found Kirudu's Assorted Antiques.
 68984 | Elf:2    | Paralysed by an air elemental for 1 turns
 68990 | Elf:2    | Paralysed by an air elemental for 1 turns
 69000 | Elf:2    | Got the Disquisition on Air
 69126 | Elf:2    | Found a huge runed translucent gate.
 69126 | Elf:2    | Found a huge runed translucent gate.
 69126 | Elf:2    | Found a huge runed translucent gate.
 69126 | Elf:2    | Found a huge runed translucent gate.
 69126 | Elf:2    | Found a huge runed translucent gate.
 69584 | Elf:2    | Got the Volume of the Rocks
 69718 | Elf:3    | Entered Level 3 of the Elven Halls
 70061 | Elf:3    | Reached skill level 27 in Fighting
 70061 | Elf:3    | Reached skill level 15 in Dodging
 70342 | Elf:3    | Received a gift from Okawaru
 70711 | Elf:3    | Identified the +0 pair of gloves of Kuatro Dem {rF+}
 70716 | Elf:3    | Found the +8 Vampire's Tooth {vamp}
 70719 | Elf:3    | Identified the +2 pair of boots "Mayl Wie" {rC+ rN+ SInv}
 70935 | Elf:3    | Reached skill level 15 in Throwing
 71325 | Elf:2    | Received a gift from Okawaru
 71325 | Elf:2    | Found the +1 cloak of Starlight {*Dazzle EV+4 Stlth--}
 71369 | Elf:2    | Reached XP level 24. HP: 248/249 MP: 31/31
 72149 | Vaults:5 | Entered Level 5 of the Vaults
 72156 | Vaults:5 | Reached skill level 10 in Stealth
 72166 | Vaults:5 | Noticed an ancient lich
 72176 | Vaults:5 | Banished an ancient lich
 72491 | Vaults:5 | Received a gift from Okawaru
 73064 | Vaults:5 | Got a silver rune of Zot
 73311 | Vaults:5 | Identified the ring of the Burgomaster {rPois rCorr Str+2
                  | Stlth+}
 73520 | Vaults:5 | Identified the +6 double sword of Qutit {holy, rN+}
 73624 | Vaults:5 | Identified the amulet of Ympes {rC+ rN+ Regen+ Str-2
                  | Stlth+}
 73720 | Vaults:5 | Identified the +5 arbalest "Voqunyz" {penet, rPois Dex+3}
 74127 | Swamp:1  | Killed Querens's ghost
 74144 | Swamp:1  | Identified the ring "Ettew" {Wiz Str+4 Dex+6}
 74396 | Vaults:1 | Killed Mandevil's ghost
 74718 | Depths:4 | Bought 2 potions of mutation for 224 gold pieces
 74978 | Orc:2    | Bought a scroll of blinking for 82 gold pieces
 75564 | Crypt:1  | Entered Level 1 of the Crypt
 75574 | Crypt:1  | Received a gift from Okawaru
 75849 | Crypt:1  | Reached XP level 25. HP: 255/257 MP: 31/31
 75962 | Crypt:1  | Found a basalt altar of Yredelemnul.
 76041 | Crypt:1  | Identified the +0 pair of boots of Okawaru's Reproof {Harm
                  | rC+ Str-5 Dex+2} (Okawaru gifted it to you on level 1 of
                  | the Crypt)
 76041 | Crypt:1  | Received a gift from Okawaru
 76863 | Crypt:2  | Identified the +0 ring mail "Qote Ynk" {+Blink rN+}
 77331 | Crypt:3  | Entered Level 3 of the Crypt
 77735 | Crypt:3  | Found a basalt altar of Yredelemnul.
 78142 | Crypt:3  | Noticed Zenata
 78268 | Crypt:3  | Banished Zenata
 78312 | Crypt:3  | Noticed an ancient lich
 78318 | Crypt:3  | Found a staircase to the Tomb.
 78330 | Crypt:3  | Killed an ancient lich
 78353 | Crypt:3  | Got the Almanac of the Warped Volcanoes
 78451 | Crypt:3  | Received a gift from Okawaru
 78596 | Crypt:3  | Identified the amulet of Kariawk {Reflect Rampage *Corrode
                  | SH+5 SInv}
 79005 | Hell     | Gained mutation: You have an uncontrollable temper. [a
                  | cacodemon]
 79006 | Hell     | Gained mutation: You occasionally lose the ability to read
                  | scrolls when taking damage. [a cacodemon]
 79018 | Hell     | Found a gateway to the freezing wastes of Cocytus.
 79093 | Hell     | Received a gift from Okawaru
 79738 | Hell     | Found a gateway to the decaying netherworld of Tartarus.
 79773 | Hell     | Received a gift from Okawaru
 79885 | Hell     | Found a gateway to the Iron City of Dis.
 80098 | Hell     | Found a gateway to the ashen valley of Gehenna.
 80270 | Depths:2 | Voluntarily entered the Abyss.
 80270 | Abyss:1  | Found a corrupted altar of Lugonu.
 80274 | Abyss:2  | Found a corrupted altar of Lugonu.
 80546 | Abyss:3  | Paralysed by accursed screaming for 1 turns
 80562 | Abyss:3  | Paralysed by accursed screaming for 1 turns
 81177 | Abyss:3  | Found a corrupted altar of Lugonu.
 81344 | Abyss:3  | Lost mutation: You are partially covered in iridescent
                  | scales. (AC +2) [potion of mutation]
 81344 | Abyss:3  | Lost mutation: You occasionally lose the ability to read
                  | scrolls when taking damage. [potion of mutation]
 81344 | Abyss:3  | Lost mutation: Your mind is acute. (Int +4, Str/Dex -1)
                  | [potion of mutation]
 81344 | Abyss:3  | Lost mutation: Your system is resistant to poisons. (rPois)
                  | [potion of mutation]
 81344 | Abyss:3  | Gained mutation: You have hidden genetic potential. [potion
                  | of mutation]
 81459 | Abyss:4  | Found a burning altar of Makhleb.
 81537 | Abyss:5  | Entered Level 5 of the Abyss
 81903 | Depths:2 | Escaped the Abyss
 82284 | Depths:2 | Voluntarily entered the Abyss.
 82285 | Abyss:1  | Noticed a dread lich
 82913 | Abyss:3  | Found a corrupted altar of Lugonu.
 83230 | Abyss:4  | Found an iron altar of Okawaru.
 83396 | Abyss:4  | Paralysed by accursed screaming for 1 turns
 83754 | Abyss:5  | Entered Level 5 of the Abyss
 83757 | Abyss:5  | Reached XP level 26. HP: 265/265 MP: 31/31
 83757 | Abyss:5  | Reached XP level 27. HP: 272/272 MP: 31/31
 83757 | Abyss:5  | Got an abyssal rune of Zot
 83832 | Depths:2 | Escaped the Abyss
 84126 | Depths:2 | You showed the abyssal rune of Zot to enter a treasure
                  | trove
 84127 | Trove    | Entered a treasure trove
 84177 | Depths:2 | Upgraded the game from 0.29-a0-364-g921d912d32 to
                  | 0.29-a0-367-gc2b5878c41
 84450 | Elf:2    | Bought the ring "Tics" {Wiz rPois rF+ rCorr SInv} for 986
                  | gold pieces
 85023 | Zot:1    | Entered Level 1 of the Realm of Zot
 86449 | Zot:1    | Noticed an orb of fire
 86802 | Zot:1    | Gained mutation: Armour fits poorly on your strangely
                  | shaped body. [an orb of fire]
 86806 | Zot:1    | Killed an orb of fire
 86853 | Zot:1    | Reached skill level 15 in Stealth
 88058 | Zot:2    | Received a gift from Okawaru
 89747 | Zot:3    | Identified the -6 tower shield of Oliboneu {Regen+ Int+2}
                  | (Okawaru gifted it to you on level 3 of the Realm of Zot)
 89747 | Zot:3    | Received a gift from Okawaru
 90279 | Zot:4    | Gained mutation: You have a pair of large horns on your
                  | head. [hidden potential]
 90501 | Zot:4    | Noticed an orb of fire
 90510 | Zot:4    | Killed an orb of fire
 91496 | Zot:4    | Identified the +7 mace of the Blushing Rat {flame, Int+3}
 91889 | Zot:5    | Entered Level 5 of the Realm of Zot
 92108 | Zot:5    | Lost mutation: Armour fits poorly on your strangely shaped
                  | body. [potion of mutation]
 92108 | Zot:5    | Lost mutation: You have hidden genetic potential. [potion
                  | of mutation]
 92108 | Zot:5    | Lost mutation: Your spells are a little easier to cast, but
                  | a little less powerful. [potion of mutation]
 92108 | Zot:5    | Lost mutation: You have a pair of large horns on your head.
                  | [potion of mutation]
 92108 | Zot:5    | Gained mutation: Armour fits poorly on your strangely
                  | shaped body. [potion of mutation]
 92108 | Zot:5    | Gained mutation: [potion of mutation]
 92108 | Zot:5    | Lost mutation: [potion of mutation]
 92545 | Zot:5    | Noticed a dread lich
 92548 | Zot:5    | Noticed an orb of fire
 92548 | Zot:5    | Noticed an ancient lich
 92624 | Arena    | Entered the Arena
 92631 | Arena    | Killed a dread lich
 92664 | Zot:5    | Gained mutation: Your body sometimes deteriorates upon
                  | taking damage. [an orb of fire]
 92676 | Zot:5    | Gained mutation: Your body often deteriorates upon taking
                  | damage. [an orb of fire]
 92681 | Zot:5    | Killed an orb of fire
 92720 | Zot:5    | Killed an ancient lich
 93190 | Zot:5    | Noticed an orb of fire
 93199 | Zot:5    | Gained mutation: Your spells are a little easier to cast,
                  | but a little less powerful. [an orb of fire]
 93210 | Zot:5    | Noticed an ancient lich
 93510 | Zot:5    | Killed an ancient lich
 93510 | Zot:5    | Received a gift from Okawaru
 93511 | Zot:5    | Reached skill level 1 in Short Blades
 93511 | Zot:5    | Reached skill level 1 in Maces & Flails
 93511 | Zot:5    | Reached skill level 1 in Crossbows
 93571 | Zot:5    | Gained mutation: You are weak. (Str -2) [an orb of fire]
 93575 | Zot:5    | Gained mutation: You are partially covered in large bone
                  | plates. (SH +4) [an orb of fire]
 93576 | Zot:5    | Gained mutation: You are dopey. (Int -2) [an orb of fire]
 93580 | Zot:5    | Banished an orb of fire
 93581 | Zot:5    | Reached skill level 1 in Ranged Weapons
 93670 | Zot:5    | Gained mutation: You occasionally lose the ability to read
                  | scrolls when taking damage. [mutagenic glow]
 93685 | Zot:5    | Lost mutation: You have an uncontrollable temper.
                  | [mutagenic glow]
 93830 | Zot:5    | Noticed a dread lich
 93848 | Arena    | Entered the Arena
 93857 | Arena    | Killed a dread lich
 94260 | Zot:5    | Noticed an orb of fire
 94266 | Zot:5    | Gained mutation: You are very weak. (Str -4) [an orb of
                  | fire]
 94272 | Zot:5    | Killed an orb of fire
 94359 | Zot:5    | Lost mutation: You occasionally lose the ability to read
                  | scrolls when taking damage. [potion of mutation]
 94359 | Zot:5    | Lost mutation: Your body often deteriorates upon taking
                  | damage. [potion of mutation]
 94359 | Zot:5    | Gained mutation: You are clumsy. (Dex -2) [potion of
                  | mutation]
 94359 | Zot:5    | Gained mutation: You expend magic power (3 MP) to
                  | strengthen your wands. [potion of mutation]
 94602 | Depths:4 | Bought a potion of mutation for 120 gold pieces
 94602 | Depths:4 | Lost mutation: You are clumsy. (Dex -2) [potion of
                  | mutation]
 94602 | Depths:4 | Lost mutation: You are dopey. (Int -2) [potion of mutation]
 94602 | Depths:4 | Lost mutation: You expend magic power (3 MP) to strengthen
                  | your wands. [potion of mutation]
 94602 | Depths:4 | Gained mutation: You are partially covered in iridescent
                  | scales. (AC +2) [potion of mutation]
 94918 | Zot:5    | Noticed an ancient lich
 94921 | Zot:5    | Killed an ancient lich
 94941 | Zot:5    | Received a gift from Okawaru
 95120 | Zot:5    | Noticed an orb of fire
 95132 | Zot:5    | Killed an orb of fire
 95732 | Coc:1    | Entered Level 1 of Cocytus
 96863 | Geh:1    | Entered Level 1 of Gehenna
 96896 | Geh:1    | Received a gift from Okawaru
 97168 | Geh:1    | Received a gift from Okawaru
 97921 | Geh:3    | You are sucked into a shaft and drop 1 floor!
 97929 | Hell     | Upgraded the game from 0.29-a0-367-gc2b5878c41 to
                  | 0.29-a0-389-gd8082fcd2d
 97929 | Hell     | Upgraded the game from 0.29-a0-389-gd8082fcd2d to
                  | 0.29-a0-397-g846e4a0bbc
 97929 | Hell     | Upgraded the game from 0.29-a0-397-g846e4a0bbc to
                  | 0.29-a0-416-g83a48905f1
 97929 | Hell     | Upgraded the game from 0.29-a0-416-g83a48905f1 to
                  | 0.29-a0-451-gfbfa42419e
 97929 | Hell     | Upgraded the game from 0.29-a0-451-gfbfa42419e to
                  | 0.29-a0-469-gd254ca66d9
 97929 | Hell     | Upgraded the game from 0.29-a0-469-gd254ca66d9 to
                  | 0.29-a0-581-ge9a90b782e
 97929 | Hell     | Upgraded the game from 0.29-a0-581-ge9a90b782e to
                  | 0.29-a0-1043-g569b05d6ff
 97929 | Hell     | Upgraded the game from 0.29-a0-1043-g569b05d6ff to
                  | 0.31-a0-79-g9ec6622867
 97929 | Hell     | Upgraded the game from 0.31-a0-79-g9ec6622867 to
                  | 0.31-a0-192-ga50d7bf3bb
 98042 | Depths:1 | Bought the ring of Exhibitionism {rC+ rN+ MP+9 Str+3} for
                  | 979 gold pieces
 98554 | Tomb:1   | Entered Level 1 of the Tomb of the Ancients
 99591 | Tomb:1   | Received a gift from Okawaru
 99710 | Tomb:1   | Received a gift from Okawaru
 99955 | Tomb:1   | Noticed a royal mummy
 99962 | Tomb:1   | Identified the +0 crystal plate armour of Darkness {rN+
                  | rCorr Str-3} (Okawaru gifted it to you on level 1 of the
                  | Tomb of the Ancients)
 99962 | Tomb:1   | Received a gift from Okawaru
 99967 | Tomb:1   | Lost intelligence.
 99976 | Tomb:1   | Killed a royal mummy
101023 | Tomb:1   | Lost intelligence.
101278 | Tomb:1   | Upgraded the game from 0.31-a0-192-ga50d7bf3bb to
                  | 0.31-a0-240-gb923e448b6
101278 | Tomb:1   | Upgraded the game from 0.31-a0-240-gb923e448b6 to
                  | 0.31-a0-256-g80acddb972
101278 | Tomb:1   | Upgraded the game from 0.31-a0-256-g80acddb972 to
                  | 0.31-a0-536-ga3e2962e35
102111 | Vaults:1 | Reached skill level 27 in Polearms
102279 | Vaults:1 | Identified the +4 barding "Vatinudd" {Str+3 Dex+5}
102584 | Tar:1    | Entered Level 1 of Tartarus
102986 | Tar:2    | Noticed an ancient lich
103004 | Tar:2    | Banished an ancient lich
104484 | Tar:4    | Received a gift from Okawaru
105036 | Tar:5    | Received a gift from Okawaru
105308 | Tar:6    | Received a gift from Okawaru
105487 | Tar:7    | Entered Level 7 of Tartarus
105992 | Tar:7    | Received a gift from Okawaru
107414 | Tar:7    | Received a gift from Okawaru
107502 | Tar:7    | Identified the +6 trident of Courage {venom, rElec}
                  | (Okawaru gifted it to you on level 7 of Tartarus)
107502 | Tar:7    | Received a gift from Okawaru
108081 | Tar:7    | Found the ring of the Tortoise {AC+8}
108088 | Tar:7    | Identified the ring "Osonoac" {rN+ Str+4}
108183 | Tar:7    | Noticed Ereshkigal
108216 | Tar:7    | Killed Ereshkigal
108900 | Tar:7    | Received a gift from Okawaru
109241 | Tar:7    | Identified the +8 dagger of the Kissing Hawk {spect, rN++}
109243 | Tar:7    | Identified the +3 ring mail "Myriuraj" {rN+}
109245 | Tar:7    | Identified the ring "Tireigisutz" {Ice Int+3}
109248 | Tar:7    | Got a bone rune of Zot
109330 | Arena    | Entered the Arena
109353 | Arena    | Entered the Arena
109916 | Tar:7    | Identified the +1 scale mail "Saf Gia" {rPois rF+ Stlth+}
109918 | Tar:7    | Identified the +2 scale mail "Qaekogan" {rN+ Str+4 Int+5
                  | Dex+3 Slay-3}
109919 | Tar:7    | Identified the +2 leather armour "Afarin Atudd" {rF- rC-
                  | MP+9 Int+9}
110595 | Pan      | Entered Pandemonium
110603 | Pan      | Entered the realm of Cerebov.
110925 | Pan      | Identified the +0 robe of Dustyt {-Cast rElec rPois rF+}
111069 | Pan      | Identified the +1 flail "Ostyi" {freeze, +Blink rPois Will+
                  | Stlth-}
111485 | Pan      | Identified the +1 plate armour "Byahiq" {rC+ Str+3}
111488 | Pan      | Identified the +1 hand axe "Imp's Nightmare" {freeze, rCorr
                  | SInv}
111500 | Pan      | Identified the staff of the Boiling Point {rN+ Int+3 Necro}
111517 | Pan      | Found the +6 sword of Cerebov {flame}
111517 | Pan      | Noticed Cerebov
111519 | Arena    | Entered the Arena
111550 | Arena    | Killed Cerebov
111582 | Pan      | Got a fiery rune of Zot
111689 | Pan      | Identified the staff "Gynkoev" {rPois Dex+5 Ice Poison}
111713 | Pan      | Identified the +9 long sword of the Little People {elec,
                  | *Noise rPois Dex+5}
111786 | Pan      | Identified the +1 dagger "Urphout" {drain, *Noise rElec rC+
                  | Dex+4}
111904 | Pan      | Noticed Ziut the pandemonium lord
111908 | Pan      | Banished Ziut the pandemonium lord
112379 | Pan      | Identified the +9 hand axe of Resonant Blind Justice
                  | {flame, *Rage rF++ SInv}
112412 | Pan      | Identified the +0 sling "Transmigrator" {flame, rF+ rC-
                  | rCorr Dex+5} (Okawaru gifted it to you in Pandemonium)
112412 | Pan      | Received a gift from Okawaru
112733 | Pan      | Noticed Xanomupp the pandemonium lord
112761 | Pan      | HP: 9/273 [Xanomupp the pandemonium lord (39)]
112762 | Pan      | Slain by Xanomupp the pandemonium lord

Illustrated notes

Levels and vault maps discovered:
D:1:      dpeg_arrival_lava_temple_mockup, layout_loops_cross,
          hellmonk_ecumenical_altar_inner_sanctum,
          chequers_serial_rivers_large_a
D:2:      layout_loops_ring, uniq_terence, uniq_natasha
D:3:      layout_basic, serial_bayou_ford_a, minivault_14
D:4:      layout_basic, amethyst_killhole
D:5:      minmay_opposing_rooms, layout_gridville, temple_hall, serial_shops,
          shop_statue, minmay_manual_moon, uniq_menkaure
D:6:      layout_gridville, chequers_serial_rivers_large_b
D:7:      layout_loops_ring, marbit_many_paths, st_stairs_2,
          serial_bayou_crossing
D:8:      layout_rooms, ebering_ghost_reflecting_pool, uniq_erica, uniq_pikel,
          uniq_maggie
D:9:      layout_loops_cross, ebering_ghost_funeral_grove, item_on_display_a
D:10:     minmay_the_grid_square_5x5_3x3
          [minmay_the_grid_square_5x5_beaten_path,
          minmay_the_grid_square_5x5_six_small,
          minmay_the_grid_square_5x5_half_checkered,
          minmay_the_grid_square_5x5_broken_cross,
          minmay_the_grid_square_5x5_megaprize_hollow,
          minmay_the_grid_square_5x5_eight_small,
          minmay_the_grid_square_5x5_two_walls_a,
          minmay_the_grid_square_5x5_almost_minimal,
          minmay_the_grid_square_5x5_seven], layout_gridville,
          minmay_lair_entry_grove
D:11:     layout_stronghold, lightli_elemental_guards, uniq_lodul
D:12:     layout_irregular_city, minmay_orc_entry_guard_dogs,
          gauntlet_entry_generic, kiku_gazebo_garden_becter
D:13:     layout_loops_corners, david_vaults_2, nrook_campfire, uniq_snorg,
          uniq_josephine, uniq_maurice
D:14:     layout_rooms, nicolae_qazlal_scattered_showers
D:15:     grunt_enter_depths_snipers, layout_cave_pools,
          nicolae_tso_carved_into_rock, uniq_jorgrun
Temple:   mainiacjoe_temple_trianglar_array
Lair:1:   layout_cave_shapes, st_stairs_11, beast_lair_carwin_6
Lair:2:   layout_cave_shapes, lemuel_fruit_tree
Lair:3:   layout_small_grid, minmay_swamp_entry_worms, uniq_amaemon
Lair:4:   layout_regular_city, minmay_snake_entry_spellcaster,
          grunt_megastairs_1
Lair:5:   layout_layer_cave, slime_altar_1, serial_bayou_shore_a,
          grunt_megastairs_5, infiniplex_staircase_pool_2, serial_bayou_shore_b
Lair:6:   guppyfry_lair_end_dragon, layout_cave_pods, st_stairs_7,
          grunt_megastairs_3
Swamp:1:  nicolae_swamp_secret_spriggan_hideout, layout_basic_swamp,
          gammafunk_ghost_split, hangedman_swamp_ruin_wall, swamp_pool4,
          nicolae_swamp_bunyip_nook, infiniplex_staircase_pool
Swamp:2:  layout_basic_swamp, nicolae_swamp_bean_lake
Swamp:3:  layout_basic_swamp, evilmike_swamp_ruin_rubble_1
Swamp:4:  nzn_swamp_witches_coven, layout_basic_swamp, nicolae_swamp_godswood
Snake:1:  layout_rooms, serial_curves, eino_curves_01, eino_curves_03,
          eino_curves_01, portal_ice_cave_entry_ice_statue_two,
          serial_bayou_shore_b, serial_bayou_shore_b
Snake:2:  layout_rooms, minmay_shop_star, uniq_frances
Snake:3:  layout_rooms
Snake:4:  snake_pit_salamanders_mu, layout_cave_town, serial_bayou_pond_a,
          serial_bayou_pond_b, grunt_ministairs_3
Slime:1:  layout_caves
Slime:2:  layout_caves
Slime:3:  layout_caves
Slime:4:  layout_caves
Slime:5
Orc:1:    layout_caves, basic_altar, uniq_fannar
Orc:2:    grunt_orc_cross, layout_diamond_mine, basic_altar,
          nicolae_shop_self_help
Elf:1:    layout_geoelf_diagonals, hangedman_elf_disciples,
          statue_in_the_mist_lemuel, drop_trap, minivault_16
Elf:2:    elven_hall_of_blades_hangedman_alternative
          [nicolae_blade_entry_sentries_behind_glass], layout_geoelf_grid,
          serial_shops, nicolae_shop_behind_doors, shop, nicolae_diamond_shop,
          nicolae_lakefront_shop, nicolae_shop_statue_plus, st_stairs_1,
          nicolae_elf_loose_elemental_storage
Elf:3:    elf_hall, layout_geoelf_diagonals
Vaults:1: gammafunk_ghost_necromancy, gammafunk_the_bubble
          [the_bubble_gammafunk_split], hangedman_vaults_capsules,
          nicolae_vaults_rhombus_6, v_alt_pattern_3,
          hangedman_vaults_corner_blocks, v_misc_19,
          nicolae_vaults_border_crossing, hangedman_vaults_maws,
          ontoclasm_vaults_tryst, layout_vaults_omnibox
Vaults:2: vaults_room_octagon, nicolae_vaults_hallways_thing,
          hangedman_vaults_corner, nicolae_vaults_twisting_passages, v_misc_10,
          nicolae_vaults_stairing_the_circle, hangedman_vaults_restitches,
          ontoclasm_vaults_claustrophobia, ontoclasm_vaults_fault,
          layout_vaults_big_room
Vaults:3: nicolae_vaults_yaktaur_gun_rack, nicolae_vaults_network_star,
          v_misc_22, vaults_mumra_chevron, ontoclasm_vaults_gallery,
          hangedman_vaults_hat, v_alt_pattern_6, vaults_mumra_lcd, v_misc_30,
          nicolae_vaults_network_square, nicolae_vaults_theta,
          nicolae_vaults_little_squares_2, nicolae_vaults_shelves_hall,
          layout_vaults_omnicross, uniq_sojobo
Vaults:4: portal_desolation_entry_holy_temple, nicolae_vaults_ninety_degrees,
          vaults_room_fours, vaults_room_hangedman_quadrants,
          dpeg_vaults_monster_box, v_rooms_4, hangedman_vaults_stitches,
          nicolae_vaults_little_squares_5, nicolae_vaults_asterisk, v_rooms_1,
          grunt_vaults_hallway_short, layout_vaults_maze
Vaults:5
Crypt:1:  layout_gridlike, basic_altar, roderic_lattice_octagonal_star,
          grunt_crypt_arrival_webbed
Crypt:2:  layout_regular_city, grunt_ministairs_9
Crypt:3:  grunt_crypt_end_deaths_head, uniq_zenata
Tomb:1
Depths:1: layout_forbidden_donut, enter_ziggurat_e, grunt_hell_entry_dis_mu,
          grunt_pan_entry_spiral, serial_shops, shop, nicolae_vehumet_radiance,
          nicolae_wu_jian_immortal_techniques, minmay_shop_grove
Depths:2: nicolae_BIG_FREAKIN_CUBE, layout_cave_pools,
          nicolae_abyss_entry_one_way_or_another, rand_demon_pan_entry_8,
          serial_shops, nicolae_shop_advertising_works
          [nicolae_subvault_shop_adworks], nicolae_gozag_seed_capital,
          enter_trove_3, hell_entry, chequers_serial_rivers_marsh,
          kennysheep_inner_square
Depths:3: kennysheep_snake, layout_gridville, rand_demon_pan_entry_9,
          abyss_entry, hell_entry
Depths:4: grunt_zot_entry_pinwheel, layout_small_grid, rand_demon_pan_entry_1,
          chequers_serial_rivers_micro_e, hellmouth_1, minmay_shoptagon,
          serial_bayou_shore_b, kennysheep_random_hallway
Hell
Geh:1:    layout_gehenna_lava_caves
Geh:2:    layout_gehenna_pools_triple
Geh:3:    layout_gehenna_lava_caves
Geh:4:    layout_gehenna_lava_caves
Geh:5:    layout_gehenna_pools_box
Coc:1:    layout_cocytus_delve
Coc:2:    layout_cocytus_delve
Coc:3:    layout_cocytus_delve
Tar:1:    layout_catacombs
Tar:2:    layout_honeycomb
Tar:3:    layout_catacombs
Tar:4:    layout_grid_maze, nicolae_tar_cuneiform_city
Tar:5:    layout_catacombs
Tar:6:    layout_grid_maze
Tar:7:    tar_minmay_river
Zot:1:    grunt_zot_stairs_mandelzot, layout_onion_interference,
          grunt_ministairs_15, st_small_dragon_hoard_3
Zot:2:    kennysheep_blocky_hall, layout_misc_corridors
Zot:3:    kennysheep_blocky_room, layout_cathedral_of_symmetry
Zot:4:    layout_onion_interference, grunt_megastairs_4
Zot:5:    layout_concentric_octagons
Pan:      gammafunk_dig_for_victory, layout_basic, cerebov_grunt_fire_and_steel,
          layout_cross, nicolae_pan_mnolegish_3,
          evilmike_mini_pan_possible_glass, layout_rooms, pan_blood_fountain,
          evilmike_mini_pan_V, layout_cellular_growth

Skill      XL: |  1  2  3  4  5  6  7  8  9 10 11 12 13 14 15 16 17 18 19 20 21 22 23 24 25 26 27 |
---------------+----------------------------------------------------------------------------------+-----
Fighting       | 4 5 6 7 8 10 11 12 14 16 17 18 19 20 21 22 25 26 27 | 27.0
Armour         | 4 5 6 7 8 9 10 11 13 15 16 17 18 24 | 24.0
Shields        | 4 5 6 7 8 9 10 12 13 15 17 19 20 21 24 | 24.8
Polearms       | 3 4 5 7 9 11 13 14 15 16 17 18 19 20 21 22 23 25 27 | 27.0
Throwing       | 1 7 10 12 13 15 17 18 24 | 24.7
Invocations    | 2 4 5 6 7 8 9 10 11 12 14 | 14.8
Dodging        | 2 5 7 9 11 13 15 16 18 20 | 20.4
Stealth        | 5 9 11 14 18 | 18.6
Short Blades   | 1 |  1.3
Maces & Flails | 1 |  1.3
Crossbows      | 3 |  0.0
Ranged Weapons | 2 |  2.2
Conjurations   | |  0.7
Hexes          | |  0.7
Summonings     | |  0.7
Necromancy     | |  0.7
Translocations | |  0.6
Transmutations | |  0.8
Fire Magic     | |  0.6
Ice Magic      | |  0.5
Air Magic      | |  0.6
Earth Magic    | |  0.6
Poison Magic   | |  0.7
Evocations     | |  0.9
Shapeshifting  | |  0.6

Action                     |  1- 3 |  4- 6 |  7- 9 | 10-12 | 13-15 | 16-18 | 19-21 | 22-24 | 25-27 || total
---------------------------+-------+-------+-------+-------+-------+-------+-------+-------+-------++-------
  Melee: Trident           |    69 |   172 |   332 |   651 |  1334 |  1454 |  1975 |  1409 |       ||  7396
         Headbutt          |     7 |    22 |    46 |   151 |   260 |   274 |   579 |   520 |   859 ||  2718
         Demon trident     |       |       |       |       |       |       |       |   507 |  4320 ||  4827
         Unarmed           |       |       |       |       |       |       |       |       |     6 ||     6
  Throw: Dart              |       |       |     6 |       |       |       |       |       |       ||     6
         Javelin           |       |       |       |       |       |       |     8 |    47 |    89 ||   144
         Boomerang         |       |       |       |       |       |       |       |    45 |     8 ||    53
 Invoke: Heroism           |       |       |     1 |     1 |     2 |     3 |     1 |     2 |     3 ||    13
         Finesse           |       |       |       |       |       |     1 |     1 |     2 |     2 ||     6
         Duel              |       |       |       |       |       |       |     2 |     1 |     5 ||     8
  Evoke: Wand              |       |       |     6 |     2 |       |     1 |       |       |       ||     9
    Use: Scroll            |       |     5 |     8 |    14 |    15 |    19 |     9 |     8 |    28 ||   106
         Potion            |       |       |     2 |     3 |     4 |     2 |     5 |     4 |    30 ||    50
   Stab: Sleeping          |       |       |       |       |       |       |     3 |    35 |    43 ||    81
         Distracted        |       |       |       |       |       |       |     1 |     1 |    29 ||    31
         Paralysed         |       |       |       |       |       |       |       |       |     3 ||     3
         Invisible         |       |       |       |       |       |       |       |       |     2 ||     2
 Armour: Scale mail        |    12 |    61 |    47 |       |       |       |       |       |       ||   120
         Ring mail         |       |       |    63 |       |       |       |       |       |       ||    63
         Plate armour      |       |       |     8 |   261 |   434 |   376 |   360 |       |       ||  1439
         Ice dragon scales |       |       |       |       |       |       |    16 |   334 |   368 ||   718
         Crystal plate arm |       |       |       |       |       |       |       |    70 |   557 ||   627
  Dodge: Dodged            |    21 |    58 |   105 |   156 |   275 |   294 |   380 |   387 |  1075 ||  2751
  Block: Buckler           |    13 |    32 |    75 |   122 |   180 |       |       |       |       ||   422
         Kite shield       |       |       |       |       |   155 |   759 |  1267 |  1350 |  2975 ||  6506
         Reflection        |       |       |       |       |       |       |    43 |    95 |    51 ||   189
         Other             |       |       |       |       |       |       |       |       |     2 ||     2

Table legend: (Time is in decaauts)
 A = Elapsed time spent in this place.
 B = Non-inter-level travel time spent in this place.
 C = Inter-level travel time spent in this place.
 D = Time resting spent in this place.
 E = Time spent auto-exploring this place.
 F = Levels seen in this place.
 G = Mean time per level.
                   A        B        C        D        E       F      G
               +--------+--------+--------+--------+--------+-----+--------+
         Total | 110500 |  97405 |  13095 |  26590 |  48054 | 100 | 1105.0 |
       Dungeon |  19584 |  16177 |   3407 |   2471 |  11254 |  15 | 1305.6 |
        Temple |    200 |    172 |     28 |      0 |    167 |   1 |  200.0 |
          Lair |   9630 |   8431 |   1199 |   1631 |   5450 |   6 | 1605.0 |
         Swamp |   6765 |   6139 |    626 |   1860 |   3148 |   4 | 1691.2 |
     Snake Pit |   5205 |   4875 |    330 |   1169 |   2568 |   4 | 1301.2 |
    Slime Pits |   5896 |   5500 |    396 |   2136 |   1974 |   5 | 1179.2 |
  Orcish Mines |   2604 |   2008 |    596 |    821 |    698 |   2 | 1302.0 |
   Elven Halls |   4445 |   3935 |    510 |    283 |   2784 |   3 | 1481.7 |
        Vaults |  11169 |   9118 |   2051 |   1604 |   5466 |   5 | 2233.8 |
         Crypt |   3797 |   3052 |    745 |    491 |   1840 |   3 | 1265.7 |
          Tomb |   1961 |   1674 |    287 |    798 |    248 |   1 | 1961.0 |
        Depths |  10155 |   8895 |   1260 |   3020 |   4263 |   4 | 2538.8 |
          Hell |   1998 |   1692 |    306 |   1022 |    285 |   1 | 1998.0 |
       Gehenna |    971 |    921 |     50 |    517 |    247 |   5 |  194.2 |
       Cocytus |    223 |    174 |     49 |      0 |     91 |   3 |   74.3 |
      Tartarus |   7741 |   7243 |    498 |   3609 |   1939 |   7 | 1105.9 |
           Zot |  10101 |   9351 |    750 |   3643 |   3738 |   5 | 2020.2 |
         Abyss |   3013 |   3013 |      0 |    387 |    150 |  10 |  301.3 |
   Pandemonium |   2070 |   2070 |      0 |    343 |    933 |   4 |  517.5 |
         Trove |     44 |     44 |      0 |      0 |      0 |   1 |   44.0 |
      Ice Cave |   1068 |   1068 |      0 |    658 |     27 |   1 | 1068.0 |
    Desolation |   1228 |   1228 |      0 |      7 |    776 |   1 | 1228.0 |
      Gauntlet |    448 |    448 |      0 |     41 |      6 |   1 |  448.0 |
         Arena |    173 |    173 |      0 |     71 |      0 |   8 |   21.6 |
               +--------+--------+--------+--------+--------+-----+--------+

Top non-repeatable levels by time:
   Tar:7: 4903 daAuts
Depths:4: 3134 daAuts
   Zot:5: 2988 daAuts
Depths:3: 2921 daAuts
Vaults:3: 2826 daAuts
Vaults:1: 2660 daAuts
   Zot:1: 2477 daAuts
 Snake:4: 2277 daAuts
Vaults:2: 2263 daAuts
Depths:2: 2177 daAuts
   Elf:2: 2116 daAuts
  Lair:5: 2079 daAuts
 Swamp:4: 2034 daAuts
    Hell: 1998 daAuts
     D:7: 1983 daAuts
